Map: [ESL] NeoHumanity

Players

ShoWTimE - Winner!

  • Race: Protoss Protoss
  • League: Grandmaster
  • Spawn Location: 11:00

Spirit (souL)

  • Race: Terran Terran
  • League: Master
  • Spawn Location: 5:00

Event: HomeStory Cup XXIII

VOD

Have the link to the VOD?

Description

Time

  • Played on: July 1, 2023, 1:18 p.m.
  • Length: 11:19

All games in this series

Show
View Real Time Build Order
Export as new Build Order

ShoWTimE Protoss - Winner!

Build Orders: 1 Gate Expand, Blink Stalkers 

Get SALT Encoding   

  12  0:00  Probe  
  13  0:12  Probe  
  14  0:17  Pylon  
  14  0:24  Probe (Chrono Boost)  
  15  0:36  Probe (Chrono Boost), Gateway  
  16  0:44  Probe (Chrono Boost)  
  16  0:45  Assimilator  
  17  0:50  Probe  
  18  1:03  Probe  
  19  1:15  Probe  
  20  1:29  Cybernetics Core  
  20  1:35  Probe  
  20  1:38  Nexus  
  21  1:42  Assimilator  
  21  1:47  Probe  
  21  1:53  Pylon  
  22  2:00  Probe  
  23  2:06  Warp Gate  
  23  2:08  Adept (Chrono Boost)  
  23  2:12  Probe  
  26  2:18  Twilight Council  
  26  2:24  Probe  
  27  2:31  Stalker (Chrono Boost)  
  27  2:36  Probe  
  30  2:48  Probe  
  30  2:51  Probe  
  32  2:54  Stalker (Chrono Boost)  
  32  2:55  Blink (Chrono Boost)  
  34  3:00  Probe  
  34  3:03  Probe  
  36  3:12  Probe  
  37  3:15  Probe  
  37  3:18  Gateway  
  38  3:22  Sentry  
  38  3:24  Probe  
  41  3:27  Probe  
  42  3:36  Probe, Pylon  
  42  3:39  Probe  
  44  3:47  Nexus  
  44  3:48  Probe  
  44  3:51  Probe  
  46  3:57  Stalker  
  46  4:01  Probe, Pylon  
  49  4:03  Probe  
  49  4:09  Robotics Facility  
  50  4:12  Stalker  
  50  4:13  Probe  
  50  4:16  Probe, Assimilator  
  54  4:22  Stalker  
  56  4:25  Probe  
  56  4:28  Probe, Pylon  
  58  4:35  Stalker  
  58  4:37  Probe  
  61  4:40  Probe  
  62  4:50  Probe  
  62  4:52  Probe  
  64  4:53  Stalker  
  64  4:55  Shield Battery  
  64  4:59  Observer  
  67  5:00  Probe  
  67  5:02  Stalker  
  67  5:03  Probe  
  71  5:10  Probe  
  71  5:12  Probe  
  71  5:13  Gateway x2  
  73  5:17  Stalker  
  73  5:20  Charge (Chrono Boost)  
  73  5:21  Probe  
  72  5:23  Probe  
  72  5:26  Pylon  
  73  5:28  Stalker  
  75  5:35  Probe  
  75  5:36  Probe, Pylon  
  75  5:39  Probe, Gateway  
  78  5:43  Gateway, Stalker  
  78  5:46  Observer  
  78  5:48  Probe x2, Gateway  
  83  5:50  Gateway  
  83  5:55  Stalker  
  83  5:56  Probe  
  86  6:02  Probe  
  86  6:03  Pylon  
  87  6:09  Zealot x3, Forge  
  87  6:11  Observer  
  92  6:21  Stalker  
  92  6:23  Nexus  
  94  6:30  Pylon  
  94  6:31  Stalker x3  
  100  6:38  Protoss Ground Weapons Level 1 (Chrono Boost)  
  98  6:40  Stalker x2  
  98  6:42  Pylon  
  98  6:43  Probe x3  
  105  6:49  Shield Battery  
  105  6:55  Probe x2  
  105  6:58  Zealot x6  
  105  7:00  Probe  
  114  7:07  Probe  
  111  7:14  Stalker x2  
  111  7:15  Probe x2  
  117  7:19  Probe  
  117  7:20  Observer  
  119  7:25  Stalker x5  
  119  7:26  Pylon  
  119  7:27  Probe  
  119  7:28  Probe  
  124  7:31  Probe  
  124  7:37  Photon Cannon  
  124  7:39  Probe, Zealot  
  124  7:40  Zealot  
  124  7:43  Probe  
  120  7:49  Probe  
  114  7:51  Probe x2  
  114  7:55  Stalker x3  
  114  7:56  Probe  
  122  8:01  Probe  
  122  8:03  Probe  
  124  8:10  Probe x2  
  124  8:12  Nexus  
  125  8:13  Probe  
  125  8:15  Probe  
  125  8:16  Observer  
  128  8:22  Probe, Zealot x6  
  128  8:25  Probe  
  140  8:30  Probe x2  
  140  8:32  Protoss Ground Weapons Level 2 (Chrono Boost)  
  135  8:34  Probe  
  135  8:37  Probe  
  135  8:40  Stalker x2  
  140  8:54  Photon Cannon  
  140  8:56  Probe  
  140  8:58  Photon Cannon  
  140  9:00  Shield Battery  
  141  9:03  Photon Cannon  
  141  9:04  Zealot x3  
  147  9:13  Pylon  
  147  9:14  Robotics Bay  
  147  9:15  Pylon  
  147  9:17  Pylon  
  147  9:21  Zealot  
  147  9:28  Zealot x7  
  154  9:34  Probe x3  
  154  9:35  Warp Prism (Chrono Boost), Gateway  
  154  9:38  Gateway  
  157  9:40  Gateway  
  157  9:42  Gateway  
  139  9:49  Stalker x3  
  139  9:50  Stalker x2  
  139  9:52  Shield Battery  
  141  9:55  Pylon  
  141  9:58  Zealot x3  
  143  10:01  Disruptor (Chrono Boost), Photon Cannon  
  132  10:17  Stalker x2  
  132  10:18  Zealot x4  
  138  10:27  Stalker  
  140  10:30  Disruptor (Chrono Boost)  
  140  10:32  Nexus  
  140  10:34  Pylon  
  143  10:43  Zealot x2  
  143  10:44  Zealot x9  
  143  10:45  Probe  
  143  10:46  Probe x2  
  166  10:52  Zealot  
  152  11:06  Zealot x11  
Show
View Real Time Build Order
Export as new Build Order

Spirit Terran 

Build Orders:  

Get SALT Encoding   

  12  0:00  SCV  
  13  0:12  SCV  
  14  0:17  Supply Depot  
  14  0:24  SCV  
  15  0:38  SCV  
  15  0:40  Barracks  
  16  0:50  SCV  
  16  0:52  Refinery  
  17  1:02  SCV  
  17  1:03  Engineering Bay  
  18  1:15  SCV  
  18  1:26  Marine  
  18  1:27  Orbital Command  
  19  1:43  Command Center  
  19  1:47  Barracks Reactor  
  19  1:52  SCV  
  20  1:59  Supply Depot  
  20  2:04  SCV  
  21  2:14  Factory  
  21  2:17  SCV  
  22  2:23  Marine x2  
  22  2:28  Bunker  
  22  2:29  SCV  
  25  2:36  Barracks  
  25  2:41  Marine  
  25  2:42  Marine  
  27  2:45  SCV  
  28  2:56  Orbital Command  
  28  2:57  SCV  
  29  3:02  Widow Mine  
  29  3:03  Marine  
  32  3:06  Marine  
  32  3:10  SCV  
  34  3:22  SCV, Supply Depot  
  34  3:23  Widow Mine  
  34  3:24  Marine  
  34  3:25  Refinery  
  34  3:26  Marine  
  39  3:30  SCV, Barracks Tech Lab  
  39  3:34  SCV  
  40  3:42  Marine  
  40  3:43  SCV  
  40  3:44  Marine  
  40  3:46  SCV, Factory Tech Lab  
  40  3:47  Supply Depot  
  44  3:51  Marine  
  44  3:52  Combat Shield  
  44  3:55  SCV  
  46  3:58  SCV  
  46  4:00  Marine  
  46  4:01  Marine  
  49  4:06  Siege Tank  
  49  4:07  SCV  
  54  4:12  SCV, Supply Depot  
  56  4:17  Marauder  
  56  4:18  Marine  
  56  4:19  SCV  
  56  4:22  Supply Depot  
  56  4:23  Marine  
  59  4:26  SCV  
  59  4:30  Engineering Bay  
  61  4:31  SCV  
  61  4:35  Marine  
  61  4:38  Marine  
  63  4:45  Barracks, Starport  
  63  4:47  SCV, Marine  
  63  4:50  SCV  
  66  4:53  Factory Reactor  
  66  4:55  Refinery, Supply Depot  
  66  4:59  Marine  
  67  5:02  Marine  
  67  5:03  SCV  
  68  5:07  Marine  
  68  5:08  SCV  
  68  5:11  Stimpack  
  68  5:15  SCV  
  68  5:16  Marine  
  68  5:20  Marauder  
  68  5:21  SCV  
  71  5:25  Marine  
  71  5:27  SCV  
  72  5:33  SCV  
  72  5:34  Marine  
  73  5:37  Medivac  
  73  5:38  Factory Reactor, Supply Depot  
  73  5:39  SCV  
  73  5:41  Marine, Medivac  
  79  5:44  Marine  
  79  5:45  SCV, Refinery, Marauder  
  79  5:47  Supply Depot  
  83  5:51  SCV  
  83  5:52  Marine  
  85  5:57  SCV  
  85  6:00  Marauder  
  85  6:02  Marine  
  85  6:06  Marine, SCV  
  85  6:10  Marine  
  88  6:14  Medivac  
  88  6:15  Command Center  
  88  6:20  Marine  
  88  6:21  Marauder  
  88  6:22  Medivac  
  88  6:24  Marauder  
  91  6:28  Marine  
  91  6:29  Widow Mine  
  91  6:30  Widow Mine  
  96  6:33  Terran Infantry Weapons Level 1  
  96  6:38  Marine  
  96  6:39  SCV  
  95  6:42  Marine, SCV  
  97  6:47  Barracks  
  97  6:49  Barracks, Armory  
  97  6:51  Widow Mine x2, Concussive Shells  
  99  6:56  SCV  
  95  7:01  Marine  
  95  7:04  SCV  
  95  7:05  Marine, Marauder  
  90  7:08  SCV  
  90  7:15  Marauder  
  89  7:17  SCV, Medivac x2  
  89  7:18  Widow Mine x2  
  89  7:19  Marine  
  89  7:20  SCV  
  99  7:23  Marine  
  99  7:27  Marauder  
  99  7:29  SCV  
  100  7:32  Command Center  
  100  7:36  Marauder  
  97  7:37  Marine  
  97  7:39  Widow Mine x2  
  97  7:41  Marine, Barracks Reactor  
  97  7:42  SCV  
  97  7:43  Marine  
  98  7:48  Marauder  
  90  7:52  SCV  
  90  7:55  Marine  
  90  7:58  Marauder  
  92  7:59  Marine  
  92  8:00  Widow Mine  
  92  8:01  Widow Mine  
  92  8:03  Medivac  
  96  8:08  SCV  
  96  8:09  Marine  
  95  8:14  SCV  
  95  8:15  Barracks Tech Lab  
  96  8:22  Widow Mine x2, SCV  
  98  8:28  Marine, Marauder  
  98  8:29  SCV  
  98  8:32  Marine  
  79  8:36  Marine, Marauder x2  
  79  8:38  Marine  
  79  8:40  SCV  
  86  8:44  SCV  
  86  8:46  Marine  
  88  8:50  Marine, Terran Infantry Armor Level 1, Marauder  
  88  8:54  Widow Mine, Marine  
  92  8:56  Marine  
  92  8:57  SCV, Marauder  
  92  9:01  Marauder  
  99  9:03  Marine  
  99  9:07  Ghost Academy  
  99  9:08  Orbital Command  
  95  9:13  Marine, Marauder  
  96  9:19  Marauder  
  96  9:21  Marine  
  96  9:23  Widow Mine, Marauder  
  99  9:27  Marine  
  99  9:29  Widow Mine  
  100  9:34  Marine  
  100  9:35  Marauder  
  102  9:39  Medivac  
  102  9:40  Marauder  
  102  9:44  Marauder  
  100  9:46  Marine  
  100  9:48  Marine  
  100  9:53  Widow Mine  
  100  9:54  Marine  
  100  9:56  Marine, Marauder  
  100  9:57  SCV  
  100  9:59  Widow Mine  
  99  10:01  Marauder  
  99  10:03  Marine  
  99  10:05  SCV, Marauder  
  99  10:06  Marine  
  104  10:07  SCV  
  104  10:09  SCV  
  104  10:12  Marine  
  104  10:14  Marine  
  88  10:18  Marauder, Medivac  
  91  10:21  Marine  
  91  10:22  Widow Mine  
  91  10:23  Marauder, Marine  
  91  10:27  Marauder, Medivac  
  101  10:29  Widow Mine  
  101  10:30  Marine  
  101  10:31  Marine  
  105  10:38  Marine  
  105  10:39  Marine  
  105  10:41  Marine  
  106  10:51  Widow Mine, Marauder  
  106  10:54  Marine  
  110  10:58  Marauder, Marine  
  110  10:59  Marine x2  
Tags
 
Add a new tag
Caveats
  • Supply blocks, unpowered buildings, or Contaminate may cause inaccurate times.
  • Supply counts are checked every 10 seconds.